[Event "Late-Titled-Tuesday-Blitz-January-16-2024"]
[Site "Chess.com"]
[Date "2024.01.16"]
[Round "11"]
[White "TigrVShlyape"]
[Black "Byniolus"]
[Result "0-1"]
[WhiteElo "2932"]
[BlackElo "2781"]
[TimeControl "180+1"]
[EndTime "16:07:31 PST"]
[Termination "Byniolus won on time"]

1. d4 d6 2. e4 Nf6 3. Nc3 c6 4. Nf3 Bg4 5. Be2 e6 6. O-O d5 7. e5 Nfd7 8. Ng5 Bxe2 9. Nxe2 Be7 10. Nh3 c5 11. c3 Nc6 12. Be3 O-O 13. Ng3 cxd4 14.
cxd4 Rc8 15. Qg4 Re8 16. f4 f5 17. exf6 Bxf6 18. Rad1 Nf8 19. Ng5 Bxg5 20. fxg5 Qd7 21. Nh5 Rc7 22. h3 e5 23. Qxd7 Rxd7 24. dxe5 Rxe5 25. Bf4 Re2 26. Rf2 Rxf2 27. Kxf2 Ne6 28. Re1 Kf7 29. Bd2 Nc5 30. Kg1 Ne4 31. Be3 d4 32.
Bf4 Nc5 33. Rf1 Ke6 34. Re1+ Kd5 35. Bg3 Nd3 36. Re2 Re7 37. Rd2 Nce5 38. b3 b5 39. Nf4+ Nxf4 40. Bxf4 Rf7 41. Bg3 Nc6 42. h4 a5 43. Kh2 g6 44. Bf2 Rf4 45. Kg3 Re4 46. Kf3 Ne5+ 47. Kg3 d3 48. Rd1 Re2 49. a4 b4 50. Bb6 Rb2 51. Bxa5 Rxb3 52. Kf4 Nc4 53. Bc7 d2 54. a5 Kd4 55. Bb6+ Kd3 0-1

[Event "Late-Titled-Tuesday-Blitz-January-16-2024"]
[Site "Chess.com"]
[Date "2024.01.16"]
[Round "11"]
[White "tptagain"]
[Black "LikeWater"]
[Result "0-1"]
[WhiteElo "2939"]
[BlackElo "2815"]
[TimeControl "180+1"]
[EndTime "16:07:35 PST"]
[Termination "LikeWater won by resignation"]

1. Nf3 d5 2. d4 e6 3. Bg5 Be7 4. Bxe7 Nxe7 5. e3 O-O 6. Bd3 c5 7. dxc5 Qa5+ 8. Nbd2 Qxc5 9. O-O Nbc6 10. a3 e5 11. b4 Qd6 12. e4 a6 13. c4 d4 14.
c5 Qh6 15. Nc4 Ng6 16. g3 Bg4 17. Be2 Qh5 18. Nxd4 Nxd4 19. Bxg4 Qg5 20. h4 Nxh4 21. gxh4 Qxh4 22. Nxe5 Rad8 23. Kg2 Rfe8 24. f4 Nf5 25.
Bxf5 Rxd1 26. Raxd1 g6 27. Bh3 f6 28. Ng4 Rxe4 29. Rd8+ Kf7 30. Rf2 h5 31. Rd7+ Ke8 32.
Nh6 Rxf4 33. Re2+ Re4 34. Red2 Qg5+ 35. Kh2 Qf4+ 36. Kg2 Qg5+ 37. Kh2 Qe5+ 38. Kg1 Re1+ 39. Bf1 Qg3+ 40. Rg2 Qe3+ 41. Rf2 Qg3+ 42. Rg2 Qe3+ 43.
Rf2 Kxd7 44. Ng8 Qg3+ 45. Rg2 Qe3+ 46. Rf2 Ke6 47. Nxf6 Qg3+ 48. Rg2 Qxg2+ 49. Kxg2 Kxf6 50. a4 Rb1 51. b5 axb5 52. axb5 Rc1 53. Kf3 Rxc5 54.
Ke4 Re5+ 55. Kd4 b6 0-1

[Event "Late-Titled-Tuesday-Blitz-January-16-2024"]
[Site "Chess.com"]
[Date "2024.01.16"]
[Round "11"]
[White "RobertoJBM"]
[Black "vugarrasulov"]
[Result "1-0"]
[WhiteElo "2820"]
[BlackElo "2955"]
[TimeControl "180+1"]
[EndTime "16:07:37 PST"]
[Termination "RobertoJBM won by checkmate"]

1. d4 c5 2. d5 d6 3. e4 e5 4. Nc3 a6 5. a4 Be7 6. Be2 Bg5 7. Bg4 Bxc1 8. Rxc1 Nd7 9. Nge2 Ngf6 10. Bf3 O-O 11. O-O Rb8 12. Qd3 Qa5 13. Ra1 Qb4 14.
a5 c4 15. Qd2 b5 16. axb6 Rxb6 17. Ra2 Nc5 18. Rfa1 Bg4 19. Bxg4 Nxg4 20. f3 Nf6 21. Qe3 Rfb8 22. h3 h6 23. h4 Kh7 24. g4 Nfd7 25.
g5 Nf8 26. Kf2 Ncd7 27. Ng3 Qc5 28. Qxc5 Nxc5 29. Nd1 hxg5 30. hxg5 Kg6 31. Nf5 Nh7 32.
Nfe3 Nxg5 33. Nxc4 Rb4 34. b3 Nh3+ 35. Ke3 Nxb3 36.
cxb3 Rxb3+ 37. Ke2 Nf4+ 38. Kf2 Rh8 39. Nde3 Rh2+ 40.
Kg3 Rh3+ 41. Kg4 Rh5 42. Rxa6 Rg5+ 43. Kh4 f6 44. Rxd6 Rb8 45. Nxe5+ Rxe5 46. Kg3 Ne2+ 47.
Kf2 Nd4 48. Ra2 Rh5 49. Ng4 Rb1 50. Ke3 Nb3 51. e5 Nc1 52. Rg2 Rb3+ 53. Kd4 Kf5 54. exf6 Rh1 55. Ne3+ Kf4 56. fxg7 Rxe3 57. Rg4+ Kxf3 58.
Rf6+ Kxg4 59. g8=Q+ Kh3 60. Rh6# 1-0

[Event "Late-Titled-Tuesday-Blitz-January-16-2024"]
[Site "Chess.com"]
[Date "2024.01.16"]
[Round "11"]
[White "Atousa"]
[Black "angelgab3"]
[Result "0-1"]
[WhiteElo "2473"]
[BlackElo "2604"]
[TimeControl "180+1"]
[EndTime "16:07:37 PST"]
[Termination "angelgab3 won on time"]

1. e4 e5 2. Nf3 Nc6 3. Bb5 a6 4. Ba4 Nf6 5. O-O Nxe4 6. d4 Be7 7. d5 Nc5 8. dxc6 Nxa4 9. Nxe5 dxc6 10. Qxd8+ Bxd8 11. Bf4 O-O 12. b3 Nc5 13. Nd2 Bf5 14. Rac1 Ne6 15.
Bg3 Bg5 16. f4 Be7 17. Ndf3 Rad8 18. c3 f6 19. Nc4 Bc5+ 20. Kh1 Bd3 21. Rfe1 Bxc4 22.
bxc4 Rfe8 23. f5 Nf8 24. Bxc7 Rxe1+ 25. Rxe1 Rd3 26. Ba5 Nd7 27. Bb4 b6 28. Bxc5 Nxc5 29. Kg1 Rxc3 30. Nd4 Nd3 31. Rd1 Ne5 32. Ne6 g6 33.
Rd8+ Kf7 34. g4 Nxg4 35. Rd7+ Ke8 36. Rxh7 gxf5 37. Ng7+ Kf7 38. h3 Ne5 39. Nh5+ Kg6 40. Rh8 Rxc4 41. Kg2 f4 42. h4 Rc2+ 43. Kh3 Rc3+ 44.
Kg2 Kf5 45. Ng7+ Ke4 46. Ne6 Rc2+ 47. Kh3 f5 48. Rf8 Ng4 49. Ng5+ Ke5 50. Nf3+ Ke4 51. Ng5+ Ke3 52. Rxf5 Nf2+ 53. Kg2 Ne4+ 54. Kh3 Nxg5+ 55. hxg5 Ke4 56. Rf6 Rc1 57. Kh2 Rc2+ 58. Kh3 Rc3+ 59.
Kh4 Rg3 60. g6 Rg1 61. Kh5 f3 62. Rxc6 f2 63. Rf6 f1=Q 64. Rxf1 Rxf1 65. g7 Rg1 0-1

[Event "Late-Titled-Tuesday-Blitz-January-16-2024"]
[Site "Chess.com"]
[Date "2024.01.16"]
[Round "11"]
[White "Bala-Afiada"]
[Black "dasatcu90"]
[Result "0-1"]
[WhiteElo "2041"]
[BlackElo "2229"]
[TimeControl "180+1"]
[EndTime "16:07:39 PST"]
[Termination "dasatcu90 won by resignation"]

1. d4 d5 2. c4 c6 3. Nf3 Nf6 4. Qc2 g6 5. g3 Bf5 6. Qb3 Qb6 7. c5 Qc7 8. Bf4 Qc8 9. Bg2 Bg7 10. Nc3 O-O 11.
O-O Nbd7 12. Qd1 a5 13. b3 Ne4 14. Nxe4 Bxe4 15. a3 Bxf3 16. Bxf3 e5 17. dxe5 Nxe5 18. Bxe5 Bxe5 19. Rb1 Re8 20. Qd3 Qe6 21. b4 a4 22.
e3 f5 23. Bg2 Qe7 24. Rfe1 Qg7 25. Re2 Bc3 26. Rc2 Be5 27. f3 d4 28. exd4 Bxd4+ 29.
Kf1 Re3 30. Qc4+ Kh8 31. Re2 Rae8 32. Rbe1 Rxe2 33. Rxe2 Rxe2 34. Kxe2 Qe7+ 35. Kd1 Qe3 36. Qe2 Qb3+ 37. Qc2 Qxa3 38. f4 Qe3 39. Bf1 a3 40. Bc4 Qg1+ 41. Kd2 Qxh2+ 42. Kc1 Qxc2+ 43. Kxc2 Bf2 44. Kb3 Bxg3 45. Kxa3 Bxf4 46. Ka4 Kg7 47. Ka5 Bc7+ 48. Ka4 Kf6 49. b5 cxb5+ 50. Kxb5 Ke5 51. c6 bxc6+ 52. Kxc6 Ba5 53. Kd7 f4 54. Bb5 h5 55. Ke7 g5 56.
Kf7 h4 57. Kg6 g4 58. Kg5 g3 59. Bc6 h3 60. Kg4 g2 0-1

[Event "Late-Titled-Tuesday-Blitz-January-16-2024"]
[Site "Chess.com"]
[Date "2024.01.16"]
[Round "11"]
[White "Fh2411"]
[Black "krzyzan94"]
[Result "0-1"]
[WhiteElo "2614"]
[BlackElo "2843"]
[TimeControl "180+1"]
[EndTime "16:07:45 PST"]
[Termination "krzyzan94 won on time"]

1. d4 Nf6 2. Nf3 e6 3. Bf4 c5 4. e3 b6 5. Nbd2 Bb7 6. Nc4 d5 7. Nce5 a6 8. Ng5 Qc8 9. Nexf7 Rg8 10. Ne5 Nc6 11. Nxc6 Qxc6 12. Nxh7 O-O-O 13. Nxf8 Rdxf8 14. c3 g5 15. Bg3 Ne4 16. Bd3 Nxg3 17. hxg3 e5 18.
Be2 Rh8 19. Rf1 exd4 20. cxd4 Kb8 21. Qd2 cxd4 22. Qxd4 Ka7 23. Qc3 Qd6 24. Qd4 Rc8 25.
Bd3 Rh2 26. Rg1 a5 27. Kd2 Rf8 28. Raf1 Rh6 29. g4 Rhf6 30. f3 Qg3 31. Ke2 Rh6 32. Rf2 Rc6 33. Rgf1 Re8 34. Kd2 Rce6 35. Re2 Rc6 36.
Rc1 Rec8 37. Rxc6 Rxc6 38. a3 Qh2 39. b4 Qg1 40. Bc2 Ba6 41. Qg7+ Kb8 42. Qf8+ Rc8 43. Qd6+ Ka7 44. Qd7+ Kb8 45. Qd6+ Ka7 46. Qd7+ Bb7 47. bxa5 bxa5 48. Qb5 Qa1 49. Qxa5+ Kb8 50. Qb4 Qa2 51.
Qb3 Qa1 52. Qb4 d4 53. Qd6+ Ka8 54. Qxd4 Qxa3 55. e4 Qa5+ 56. Ke3 Rd8 57. Qb2 Qc5+ 0-1

[Event "Late-Titled-Tuesday-Blitz-January-16-2024"]
[Site "Chess.com"]
[Date "2024.01.16"]
[Round "11"]
[White "Chessbard1972"]
[Black "mightysmasher"]
[Result "0-1"]
[WhiteElo "2437"]
[BlackElo "2572"]
[TimeControl "180+1"]
[EndTime "16:07:49 PST"]
[Termination "mightysmasher won on time"]

1. d4 d5 2. c4 e6 3. Nc3 Be7 4. Nf3 Nf6 5. Bg5 O-O 6. e3 c6 7. cxd5 exd5 8. Qc2 h6 9. Bf4 Nbd7 10. h3 Nb6 11. Bd3 Be6 12. O-O Qc8 13. Ne5 Nbd7 14. f3 Nxe5 15. Bxe5 Nd7 16. Bg3 c5 17. Bf5 cxd4 18.
exd4 Bf6 19. Rad1 Nb6 20. Bxe6 Qxe6 21. Rfe1 Qd7 22. Be5 Bxe5 23. Rxe5 Rfe8 24. Rde1 Rxe5 25. Rxe5 Re8 26. Qe2 Rxe5 27. Qxe5 f6 28. Qb8+ Kh7 29.
Qxa7 Nc4 30. b3 Ne3 31. Kf2 Nf5 32.
Qc5 Ne7 33. g4 Qe6 34. Qc7 b6 35. Qf4 Qc6 36. Qe3 Qc7 37. Nb5 Qh2+ 38. Ke1 Qh1+ 39. Kd2 Ng6 40. Qd3 Qxh3 41. Kc3 Qh2 42. a4 h5 43.
gxh5 Qxh5 44. Nc7 Qh2 45. Nxd5 Qd6 46. Qf5 Qc6+ 47. Kb2 Qd6 48. b4 Kg8 49. Qxg6 Qxd5 50. Qe4 Qd6 51. d5 Qh2+ 52. Kb3 Qd2 53. Kc4 f5 54.
Qe6+ Kh8 55. Kb5 Qd3+ 56. Kxb6 Qd4+ 57. Kb5 Qd3+ 58. Ka5 Qxf3 59. b5 Qc3+ 60. Ka6 Qb4 61. a5 Qf8 0-1

[Event "Late-Titled-Tuesday-Blitz-January-16-2024"]
[Site "Chess.com"]
[Date "2024.01.16"]
[Round "11"]
[White "VerdeNotte"]
[Black "reevecanada"]
[Result "1-0"]
[WhiteElo "2889"]
[BlackElo "2639"]
[TimeControl "180+1"]
[EndTime "16:07:51 PST"]
[Termination "VerdeNotte won by checkmate"]

1. e4 c5 2. Nc3 a6 3. Nge2 d6 4. g3 Nf6 5. Bg2 g6 6. d4 cxd4 7.
Nxd4 Bg7 8. O-O O-O 9. b3 Qc7 10.
Bb2 Bd7 11. Nd5 Qd8 12. Ne3 Nc6 13. c4 Rc8 14. Re1 Qc7 15. Nd5 Qd8 16. Nxc6 Bxc6 17.
Nxf6+ Bxf6 18. Bxf6 exf6 19. Qd4 Qe7 20. Rad1 Rfd8 21.
Qb6 Qc7 22. Qxc7 Rxc7 23. c5 Rcd7 24. Bh3 f5 25. exf5 dxc5 26. Rxd7 Rxd7 27. Re8+ Kg7 28.
f6+ Kxf6 29. Bxd7 Bxd7 30. Rb8 Bc6 31. f4 h5 32. Kf2 Kf5 33. Rf8 f6 34. Ke3 Bd5 35.
Rc8 Bc6 36. Rc7 g5 37. fxg5 fxg5 38. Rh7 Kg4 39. Rg7 h4 40. gxh4 Kxh4 41. Re7 Kh3 42.
Re5 g4 43. Kf2 Kh4 44. Rxc5 Bf3 45. b4 Bc6 46. Re5 Ba4 47. Re7 Bc6 48. Rg7 Be4 49.
Ke3 Bf3 50. Kf4 Kh3 51. Rh7+ Kg2 52. a4 Bd1 53. a5 Bf3 54. Rh4 Bd1 55. Rxg4+ Bxg4 56.
Kxg4 Kxh2 57. Kf3 Kh3 58. Ke4 Kg4 59. Kd5 Kf5 60. Kc5 Ke4 61. Kb6 Kd4 62. Kxb7 Kc4 63. Kxa6 Kxb4 64. Kb6 Kc4 65. a6 Kd5 66. a7 Ke5 67.
a8=Q Kd4 68. Qc6 Ke3 69. Kc5 Kd3 70. Qf3+ Kd2 71. Kc4 Kc1 72. Qe2 Kb1 73. Kb3 Ka1 74. Qe1# 1-0

[Event "Late-Titled-Tuesday-Blitz-January-16-2024"]
[Site "Chess.com"]
[Date "2024.01.16"]
[Round "11"]
[White "ChessBrainiacOnTwitch"]
[Black "VitorBronson"]
[Result "1-0"]
[WhiteElo "2797"]
[BlackElo "2583"]
[TimeControl "180+1"]
[EndTime "16:07:52 PST"]
[Termination "ChessBrainiacOnTwitch won by checkmate"]

1. e4 c5 2. Nf3 d6 3. d4 cxd4 4. Nxd4 Nf6 5. Nc3 a6 6. Bg5 e6 7.
f4 Be7 8. Qf3 Qc7 9. O-O-O h6 10.
Bh4 Nbd7 11. g4 g5 12. fxg5 Ne5 13. Qg3 Nfxg4 14. gxh6 Bxh4 15. Qxh4 Rxh6 16. Qg5 Qe7 17. Qd2 Qh4 18. Rg1 Qxh2 19. Rg2 Qh4 20. Kb1 Bd7 21.
Be2 Rg6 22. Nf3 Nxf3 23. Bxf3 Ne5 24. Qxd6 Rxg2 25. Bxg2 Qg5 26. Bf1 Bc6 27. Qc7 Nd7 28.
Bc4 Qd8 29. Qg3 Qe7 30. Qc7 Qd8 31. Qh2 Qe7 32. Qh8+ Qf8 33. Qd4 O-O-O 34. Qa7 Qc5 35. Qxc5 Nxc5 36. Re1 Rd4 37. Bb3 Nxe4 38. Ne2 Nd2+ 39. Kc1 Nxb3+ 40. axb3 Re4 41. Kd2 Re5 42.
Rg1 Rd5+ 43. Kc1 Rd7 44. Rg8+ Kc7 45. Nf4 e5 46. Nd3 Re7 47. Rg5 f6 48. Rf5 Re6 49.
Nc5 Rd6 50. Rh5 a5 51. Rh7+ Kb6 52. Nd3 e4 53. Nf4 e3 54. Rh3 Rd4 55. Ne2 Re4 56.
Kd1 Re7 57. Ke1 f5 58. Rh5 Be4 59. Ng3 Bxc2 60. Ne2 Bxb3 61. Rh6+ Ka7 62. Nd4 a4 63. Nb5+ Kb8 64. Rh8+ Re8 65. Rxe8# 1-0

[Event "Late-Titled-Tuesday-Blitz-January-16-2024"]
[Site "Chess.com"]
[Date "2024.01.16"]
[Round "11"]
[White "Ekko_li"]
[Black "Arteler"]
[Result "0-1"]
[WhiteElo "2697"]
[BlackElo "2511"]
[TimeControl "180+1"]
[EndTime "16:07:53 PST"]
[Termination "Arteler won by resignation"]

1. c4 c6 2. Nf3 d5 3. g3 Nf6 4. Bg2 Bf5 5. O-O h6 6. d3 Nbd7 7. Qb3 Qb6 8. Be3 c5 9. cxd5 Qxb3 10. axb3 Nxd5 11. Bd2 Bh7 12. Nc3 e6 13. Ne1 N7f6 14.
Nb5 a6 15. Na3 Be7 16. e4 Nc7 17. Ba5 Nb5 18. Nec2 O-O 19. Nxb5 axb5 20. Bb6 Nd7 21. Bc7 Bf6 22. Rfb1 Be5 23. Ba5 b6 24. Be1 Rxa1 25.
Nxa1 Ra8 26. Bc3 b4 27. Bxe5 Nxe5 28. Bf1 Nf3+ 29. Kg2 Nd4 30. f4 f5 31. e5 Bg6 32.
Kf2 Be8 33. Be2 Bc6 34. Bd1 Bd5 35. Nc2 Nxb3 36. Ne3 Nd4 37. g4 g6 38. h4 Kf7 39.
h5 gxh5 40. gxf5 Nxf5 41. Bxh5+ Ke7 42. Nxf5+ exf5 43. Bg6 Be6 44. Ke3 Rg8 45. Bh5 Rg2 46. Be2 Rg3+ 47. Kf2 Rh3 48. Rg1 Rh2+ 49. Ke3 Rh3+ 50.
Kf2 Rh2+ 51. Ke3 Bf7 52. Rg7 Kf8 53. Rg1 b5 54. Rc1 c4 55. dxc4 bxc4 56. Bxc4 Bxc4 57. Rxc4 Rxb2 58. Rc6 Kg7 59. Rf6 b3 60. Kd3 Rf2 61. Kc3 b2 62. Rb6 h5 63. Rb7+ Kf8 64.
Kd3 h4 65. Ke3 Rc2 66. e6 h3 67. Rxb2 Rxb2 0-1

[Event "Late-Titled-Tuesday-Blitz-January-16-2024"]
[Site "Chess.com"]
[Date "2024.01.16"]
[Round "11"]
[White "Quattroporte300"]
[Black "Maect19"]
[Result "0-1"]
[WhiteElo "2392"]
[BlackElo "2367"]
[TimeControl "180+1"]
[EndTime "16:07:54 PST"]
[Termination "Maect19 won on time"]

1. e4 e6 2. d4 d5 3. exd5 exd5 4. Nf3 Bd6 5. Bd3 Ne7 6. O-O O-O 7. c3 c6 8. Re1 Nd7 9. h3 Nf6 10. Bg5 Ng6 11.
Nbd2 h6 12. Be3 Nf4 13. Bxf4 Bxf4 14. Ne5 Re8 15. Ndf3 Qb6 16. b3 Be6 17. Bc2 Nd7 18.
Qd3 Nf8 19. h4 Qc7 20. g3 Bxe5 21. Nxe5 Bh3 22. f4 Qc8 23. Kh2 Bg4 24. Re3 g6 25. Rae1 Bf5 26. Qd2 Bxc2 27. Qxc2 Qc7 28. Kg2 Qd6 29.
Qe2 Rad8 30. Nd3 Rxe3 31. Qxe3 Qe6 32. Nc5 Qxe3 33. Rxe3 f6 34. Nxb7 Rd7 35. Nc5 Rc7 36. Re8 Kf7 37. Ra8 Re7 38. Kf2 g5 39. hxg5 fxg5 40.
fxg5 hxg5 41. a4 Ng6 42. b4 Kg7 43. a5 Rf7+ 44. Kg2 Kh6 45. a6 g4 46. Rb8 Re7 47.
Rb7 Re2+ 48. Kf1 Ra2 49. Rxa7 Kg5 50. Rf7 Nh8 51. Rc7 Kf5 52. Rxc6 Nf7 53. Nd7 Ng5 54. Rf6+ Ke4 55. Nc5+ Ke3 56. Rf5 Ne4 57. Nxe4 dxe4 58. Rf6 Ra1+ 59. Kg2 Kd2 60. b5 e3 61. Re6 e2 62. b6 Rxa6 63. d5 Rxb6 64. Re4 Rd6 65. c4 Rd8 0-1

[Event "Late-Titled-Tuesday-Blitz-January-16-2024"]
[Site "Chess.com"]
[Date "2024.01.16"]
[Round "11"]
[White "laskakid"]
[Black "Rdeux42"]
[Result "0-1"]
[WhiteElo "2315"]
[BlackElo "2461"]
[TimeControl "180+1"]
[EndTime "16:07:55 PST"]
[Termination "Rdeux42 won by resignation"]

1. d4 Nf6 2. c4 g6 3. Nc3 Bg7 4.
Nf3 d6 5. Bg5 O-O 6. e3 Na6 7. Be2 c5 8. d5 Nc7 9. O-O h6 10. Bh4 g5 11. Bg3 Nh5 12. Qc2 Nxg3 13.
hxg3 a6 14. a4 Rb8 15. Nd2 Bd7 16. a5 b5 17. axb6 Rxb6 18. g4 Qb8 19. b3 f5 20.
gxf5 Bxf5 21. e4 Bg6 22. Rab1 h5 23. Nf3 Bf6 24. Bd3 g4 25. Nh2 Bd4 26. e5 Bxd3 27. Qxd3 Qe8 28. e6 Kg7 29. g3 Qg6 30. Ne4 Ne8 31.
Kg2 Nf6 32. Rbe1 Nxe4 33. Rxe4 Rxb3 34. Qe2 Rb2 35. Qe1 Rfxf2+ 36. Rxf2 Rxf2+ 37. Kh1 Rf5 38. Qe2 Re5 39. Rxe5 Bxe5 40. Nf1 Qf5 41. Kg2 h4 42. gxh4 Qf4 43. Qf2 Qe4+ 44. Kg1 Bd4 45. Ne3 Bxe3 46. Kh2 Bxf2 47. h5 Qf4+ 48. Kg2 Qg3+ 49. Kf1 Qg1+ 50.
Ke2 Qe1+ 51. Kd3 g3 52. Kc2 g2 53. Kb2 Qe5+ 54. Ka2 Qc3 55. Kb1 Qa3 56. Kc2 Qb2+ 57. Kxb2 g1=Q 58. Ka2 Qa1+ 59. Kxa1 Kh6 60. Kb2 Kxh5 61.
Ka3 Bh4 62. Ka4 Kg6 63. Ka5 Bf6 64. Kxa6 Kf5 65. Kb7 Ke4 66. Kc6 Kd3 67. Kb5 Kc3 68. Ka4 Kxc4 69. Ka3 Kd4 70. Ka2 Kxd5 71. Kb3 Ke5 72.
Kc4 Ke4 73. Kb3 Kd3 0-1

[Event "Late-Titled-Tuesday-Blitz-January-16-2024"]
[Site "Chess.com"]
[Date "2024.01.16"]
[Round "11"]
[White "HajiyevKanan"]
[Black "RaugintaBulba"]
[Result "1-0"]
[WhiteElo "2573"]
[BlackElo "2458"]
[TimeControl "180+1"]
[EndTime "16:07:56 PST"]
[Termination "HajiyevKanan won by resignation"]

1. d4 Nf6 2. Nf3 g6 3. g3 Bg7 4. Bg2 O-O 5. O-O d6 6. b3 c5 7. Bb2 Nc6 8. c4 cxd4 9. Nxd4 Nxd4 10. Bxd4 Qa5 11. Qd2 Qh5 12. h4 Bh6 13. Be3 Bg7 14. Nc3 Ng4 15. Bd4 e5 16. Be3 Nxe3 17. Qxe3 f5 18.
Rad1 f4 19. Qf3 Qh6 20. Qd5+ Kh8 21. Rd3 fxg3 22. fxg3 Rxf1+ 23. Bxf1 Bg4 24. Qxd6 Rf8 25. Ne4 Qc1 26. Rd1 Qc2 27. Qd3 Qxd3 28. Rxd3 Bf5 29.
Bg2 Bh6 30. Rd1 Bxe4 31. Bxe4 Rf7 32. Bf3 Re7 33. Rd5 Be3+ 34. Kg2 e4 35. Bg4 Kg7 36. Rd7 Rxd7 37. Bxd7 Bc5 38. g4 e3 39. Bc8 b6 40. Bb7 a5 41. Kf3 Kf6 42. Ke4 g5 43. h5 h6 44. Bd5 Ke7 45. Bg8 Kf8 46. Bd5 Kg7 47. Kf5 Bb4 48. Be4 Bc5 49. Bd3 Bb4 50.
Ke4 Bc5 51. Kd5 Kf6 52. Kc6 Ke5 53. Kd7 Kf6 54. Bf5 Ke5 55. Ke8 Kf6 56. Kd7 Ke5 57. Kc7 Kd4 58. a3 Ke5 59. b4 axb4 60. axb4 Bxb4 61.
Kxb6 Kd4 62. Kb5 Bc5 63. Bd3 Bd6 64. Kc6 Ke5 65. c5 Be7 66. Kb6 Kd5 67. c6 Bc5+ 68. Kb7 Bd6 69. c7 Bxc7 70. Kxc7 Ke5 71. Kd7 Kf4 72.
Bf5 Kg3 73. Ke6 Kf2 74. Bd3 Kg3 75. Kf5 1-0

[Event "Late-Titled-Tuesday-Blitz-January-16-2024"]
[Site "Chess.com"]
[Date "2024.01.16"]
[Round "11"]
[White "Nick12772"]
[Black "Felix-Rose"]
[Result "1-0"]
[WhiteElo "2324"]
[BlackElo "2224"]
[TimeControl "180+1"]
[EndTime "16:07:58 PST"]
[Termination "Nick12772 won by resignation"]

1. Nf3 c5 2. g3 Nc6 3. d4 cxd4 4. Nxd4 e5 5. Nxc6 dxc6 6. Qxd8+ Kxd8 7. Bg2 Bf5 8. c4 Kc7 9. O-O Rd8 10. Nc3 Bb4 11.
Ne4 Rd4 12. Ng5 Nh6 13. Nf3 Rxc4 14. Bxh6 gxh6 15. Nxe5 Rc2 16. Nxf7 Rf8 17. Nxh6 Bc8 18. Bf3 Rxb2 19. Rfb1 Bc3 20. Rxb2 Bxb2 21. Rb1 Bg7 22. Ng4 Bf5 23. Rd1 c5 24. Ne3 Be6 25. Bd5 Bh3 26. Bg2 Be6 27. Nd5+ Bxd5 28. Rxd5 b6 29. Bh3 Rd8 30.
Rxd8 Kxd8 31. Kf1 c4 32. Ke1 Kc7 33. Kd2 Kd6 34. f4 Kc5 35. e4 Kd4 36. e5 b5 37.
e6 Bf6 38. Bf5 h6 39. Kc2 b4 40. g4 a5 41. Bg6 a4 42. Be8 b3+ 43. Kb1 a3 44. Ba4 Kc3 45. h3 Be7 46. f5 Bf6 47. Bb5 Kb4 48. Bc6 Kc3 49. Bb5 bxa2+ 50. Kxa2 Kb4 51. Bc6 c3 52. Be4 Kc4 53. Bc2 Kd4 54. Kxa3 Ke3 55. Kb4 Kd2 56. Ba4 c2 57. Bxc2 Kxc2 58.
Kc5 Kd3 59. Kd6 Ke4 60. e7 Bxe7+ 61. Kxe7 Kf4 62. f6 Kg3 63. f7 Kxh3 64. f8=Q Kxg4 65. Qxh6 Kf3 66. Qg5 Ke4 67. Qf6 Kd3 68. Qe5 Kc4 69. Qd6 Kb5 70. Qc7 Kb4 71. Qc6 Kb3 72. Qc5 Kb2 73. Qc4 Kb1 74. Qc3 Ka2 75. Qb4 Ka1 76.
Kd6 Ka2 77. Kd5 Ka1 78. Kd4 Ka2 79. Kc3 1-0

[Event "Late-Titled-Tuesday-Blitz-January-16-2024"]
[Site "Chess.com"]
[Date "2024.01.16"]
[Round "11"]
[White "only_strong_moves"]
[Black "tolimachess"]
[Result "0-1"]
[WhiteElo "2556"]
[BlackElo "2473"]
[TimeControl "180+1"]
[EndTime "16:07:59 PST"]
[Termination "tolimachess won by resignation"]

1. d4 c5 2. Nc3 cxd4 3. Qxd4 Nc6 4. Qd1 Nf6 5. Nf3 g6 6. g3 Bg7 7. Bg2 O-O 8. O-O d5 9. Bf4 Re8 10. Ne5 Nxe5 11. Bxe5 e6 12. e4 dxe4 13. Qxd8 Rxd8 14. Rad1 Bd7 15. Rd4 Bc6 16. Rfd1 Rxd4 17. Rxd4 Rc8 18. h3 a6 19. g4 h6 20. Kf1 b5 21.
Ne2 Bd5 22. Nc3 Rc4 23. Rxc4 Bxc4+ 24. Ke1 Bd5 25. a3 Nd7 26. Bxg7 Kxg7 27. Bxe4 Bxe4 28.
Nxe4 Ne5 29. b3 a5 30. Ke2 g5 31. Nd6 b4 32. axb4 axb4 33. Ke3 h5 34. gxh5 f5 35. f4 gxf4+ 36. Kxf4 Nc6 37. Kg5 Nd4 38. h6+ Kh7 39.
Nb7 Nxc2 40. Nc5 Nd4 41. h4 e5 42. Nd7 e4 43. Nf8+ Kg8 44. h7+ Kg7 45. Kf4 Nxb3 46. h5 Nc5 47. h6+ Kh8 48. Kxf5 b3 49. Ng6+ Kxh7 50. Kg5 Ne6+ 51. Kf6 Nf8 52. Nxf8+ Kxh6 53. Ne6 e3 54. Nf4 b2 55. Ne2 b1=Q 56. Nd4 Qd3 57. Ke5 Qxd4+ 58. Kxd4 e2 59. Kd3 e1=Q 60. Kc2 Qe8 61.
Kd3 Qd8+ 62. Kc4 Kg6 63. Kb5 Kf7 64. Ka6 Ke6 65. Kb5 Qd6 66. Ka4 Qb8 67. Ka3 Kd5 0-1

[Event "Late-Titled-Tuesday-Blitz-January-16-2024"]
[Site "Chess.com"]
[Date "2024.01.16"]
[Round "11"]
[White "FredddieCroderg"]
[Black "ccccvhhhj"]
[Result "0-1"]
[WhiteElo "2373"]
[BlackElo "2518"]
[TimeControl "180+1"]
[EndTime "16:08:02 PST"]
[Termination "ccccvhhhj won by checkmate"]

1. e4 e6 2. d4 d5 3. exd5 exd5 4. Bd3 Nf6 5. Nf3 Bg4 6. O-O Be7 7. c3 O-O 8. Bg5 c6 9. Nbd2 Nbd7 10. Qc2 Bh5 11. Bh4 Re8 12. Rfe1 Bg6 13. Bxg6 hxg6 14. Nb3 Bd6 15. Bg3 Bxg3 16. hxg3 Ne4 17. Nfd2 Ndf6 18. Nxe4 Nxe4 19. Nd2 Nd6 20. Kf1 Qg5 21. Rxe8+ Rxe8 22. Re1 Rxe1+ 23. Kxe1 Qh5 24. Qd3 Qh1+ 25. Qf1 Qh5 26.
Qe2 Qf5 27. Qe7 Nb5 28. Qd8+ Kh7 29. Qh4+ Kg8 30. Qd8+ Kh7 31. Qh4+ Qh5 32. Qxh5+ gxh5 33. Ke2 f6 34. Ke3 Kg6 35. Nb3 b6 36. Nc1 Nd6 37.
Nd3 Kf5 38. Nb4 Nc4+ 39. Kf3 Nxb2 40. Nxc6 a5 41. Ne7+ Ke6 42. Nc8 b5 43. Ke3 Nd1+ 44. Kd2 Nxf2 45. Na7 Ne4+ 46. Kc2 Nd6 47. Nc6 a4 48.
Nb4 g5 49. Nd3 Kf5 50. Kb2 Kg4 51. Ka3 Kxg3 52. Kb4 Kxg2 53. Kc5 Ne4+ 54. Kxd5 Nxc3+ 55. Ke6 Ne4 56. Kf5 Nc3 57. Kxf6 g4 58. Nf4+ Kf3 59. Nxh5 g3 60. Nxg3 Kxg3 61. Ke5 b4 62. d5 Nxd5 63. Kd4 b3 64. a3 Nb6 65. Kc3 Kf4 66. Kb2 Ke5 67.
Ka1 Kd5 68. Kb2 Kd4 69. Kb1 Kd3 70. Kb2 Nc4+ 71. Kb1 Nxa3+ 72. Kb2 Nc4+ 73. Kb1 Kc3 74. Ka1 b2+ 75. Ka2 a3 76. Kb1 Nd2+ 77. Ka2 b1=Q+ 78.
Kxa3 Qb3# 0-1

[Event "Late-Titled-Tuesday-Blitz-January-16-2024"]
[Site "Chess.com"]
[Date "2024.01.16"]
[Round "11"]
[White "VladimirKramnik"]
[Black "chika-lily"]
[Result "0-1"]
[WhiteElo "2912"]
[BlackElo "2782"]
[TimeControl "180+1"]
[EndTime "16:08:05 PST"]
[Termination "chika-lily won on time"]

1. e4 e6 2. d4 d5 3. Nc3 Bb4 4.
e5 c5 5. a3 Bxc3+ 6. bxc3 Ne7 7. h4 Qa5 8. Bd2 Qa4 9. h5 h6 10. Nf3 c4 11. Be2 Nbc6 12. Kf1 Bd7 13. Kg1 O-O-O 14.
Bf4 b6 15. Qd2 Rdf8 16. Rh3 Kb7 17. Rg3 Nf5 18. Rg4 Rhg8 19. Nh2 Nce7 20. Bf3 Nc6 21. Nf1 Nce7 22. Ne3 Bc6 23. Bh2 Rd8 24. Rf4 g5 25. hxg6 Nxg6 26. Nxf5 Nxf4 27. Nd6+ Rxd6 28. exd6 Nh3+ 29.
Kh1 Ng5 30. Bd1 Ne4 31. Qf4 f5 32. Qe3 Qa5 33. Bf3 Qxc3 34. Qxc3 Nxc3 35. Be5 Ne4 36. Kg1 Ng5 37. Bh5 Bd7 38. Kf1 Kc6 39. c3 Ne4 40.
a4 Nxd6 41. a5 b5 42. f3 Rg5 43. g4 fxg4 44. Bxg4 Nf5 45. Bxf5 Rxf5 46. Kf2 h5 47. Rg1 b4 48. cxb4 Kb5 49. Ke3 Kxb4 50. Rg7 Bb5 51. Rxa7 Rg5 52. Rc7 Kxa5 53. Rc5 Kb4 54. Bd6 Ka4 55.
Rc7 Rg8 56. Ra7+ Kb3 57. Rb7 Ka4 58. Ra7+ Kb3 59. Rb7 Ka4 60. Kd2 c3+ 61. Kxc3 Rc8+ 62. Kd2 Ba6 63. Rh7 Rc4 64. Ke3 Rc3+ 65. Kf2 Bd3 66.
Rxh5 Kb3 67. Re5 Bf5 68. Bc5 Rc2+ 69. Kg3 Kc4 70. Kf4 Kd3 71. Re3+ Kc4 72. Ra3 Rc3 0-1

[Event "Late-Titled-Tuesday-Blitz-January-16-2024"]
[Site "Chess.com"]
[Date "2024.01.16"]
[Round "11"]
[White "anasta10"]
[Black "EsmeraldasAnderson03"]
[Result "0-1"]
[WhiteElo "2522"]
[BlackElo "2421"]
[TimeControl "180+1"]
[EndTime "16:08:07 PST"]
[Termination "EsmeraldasAnderson03 won by resignation"]

1. Nf3 d5 2. d4 Nf6 3. g3 c5 4. Bg2 cxd4 5. O-O h6 6. Nxd4 e5 7. Nb3 Be6 8. c4 Nc6 9. Nc3 dxc4 10. Qxd8+ Rxd8 11. Bxc6+ bxc6 12. Na5 Rc8 13. a3 Bc5 14. Nb7 Be7 15. Be3 Rc7 16. Nc5 Bd5 17. Rfd1 O-O 18.
f3 Re8 19. h3 e4 20. f4 Bxc5 21. Bxc5 Rb7 22. Rab1 Reb8 23. Rd2 Rb3 24. Bd4 a6 25. e3 Nd7 26. Kf2 Be6 27. Ne2 Bxh3 28. Rc1 Be6 29. Bc3 Nc5 30. Nd4 Nd3+ 31. Rxd3 cxd3 32.
Nxb3 Bxb3 33. Ke1 Bc2 34. Kd2 f6 35. g4 Kf7 36. Rg1 Rh8 37. Bd4 h5 38. g5 h4 39. f5 h3 40. g6+ Ke7 41. Rh1 h2 42. b4 Rh5 43. Kc3 Kd6 44. Kd2 Kd5 45. Kc3 Rh3 46. Kd2 Kc4 47. Bc5 Kb3 48. Bf8 Kxa3 49.
b5+ Ka4 50. bxc6 Rh8 51. Bxg7 Rc8 52. Bxf6 Rxc6 53. Be5 Rc5 54. Bd4 Rxf5 55. g7 Rg5 56. Rxh2 Bb3 57. Kc3 a5 58. Rh6 Rg2 59. Be5 d2 60. Rh1 d1=Q 61. Rxd1 Bxd1 62. Kd4 Bc2 63. Kc5 Kb3 64. Kd6 a4 65. Ke7 Kb4 66. Bd6+ Kb5 67. Be5 Bb3 68. Kf6 Kc4 69. Ke7 Kd3 70. Bd4 a3 71. Kf6 a2 72. Ke7 Rg1 73. Kf8 a1=Q 0-1